 Dungeon Crawl Stone Soup version 0.30-a0-165-g1891117ce2 (webtiles) character file.

Game seed: 2157252076226255218

35 qw the Chopper (level 3, -1/23 HPs)
             Began as a Gargoyle Fighter on Sept 28, 2022.
             Slain by a gnoll
             ... wielding a +0 club
              (3 damage)
             ... on level 2 of the Dungeon.
             The game lasted 00:00:25 (1028 turns).

qw the Chopper (Gargoyle Fighter)                   Turns: 1028, Time: 00:00:26

Health: -1/23      AC: 10    Str: 21    XL:     3   Next: 33%
Magic:  3/3        EV:  9    Int:  8    God:
Gold:   56         SH:  4    Dex:  9    Spells: 2/2 levels left

rFire   . . .      SeeInvis .    Y - +0 war axe
rCold   . . .      Faith    .    c - +0 buckler
rNeg    + . .      Spirit   .    b - +0 scale mail
rPois   inf        Reflect  .    (no helmet)
rElec   +          Harm     .    (no cloak)
rCorr   .          Rampage  .    (no gloves)
Will    .....                    (no boots)
Stlth   ..........               (no amulet)
HPRegen 0.07/turn                (no ring)
MPRegen 0.08/turn                (no ring)

@: no status effects
A: sickness immunity, AC +3, negative energy resistance 1, electricity
resistance, torment resistance 1, petrification resistance
a: no special abilities


You were on level 2 of the Dungeon.
You visited 1 branch of the dungeon, and saw 2 of its levels.

You collected 56 gold pieces.


Innate Abilities, Weirdness & Mutations

You are immune to sickness and miasma.
Your stone body is resilient. (AC +3)
You are immune to poison.
You resist negative energy. (rN+)
You are resistant to electric shocks. (rElec)
You are resistant to unholy torment.
You are immune to petrification.


   Skills:
 - Level 3.2 Fighting
 + Level 3.3 Axes
 - Level 3.2 Armour
 - Level 3.2 Shields


You had 2 spell levels left.
You didn't know any spells.
Your spell library was empty.

Inventory:

Hand Weapons
 e - a +0 whip
 Y - a +0 war axe (weapon)
Armour
 b - a +0 scale mail (worn)
 c - a +0 buckler (worn)
Scrolls
 a - a scroll of identify
Potions
 d - a potion of might
 g - a potion of invisibility {unknown}
 i - a potion of attraction {unknown}
 j - a potion of heal wounds {unknown}

Dungeon Overview and Level Annotations

Branches:
Dungeon (2/15)

Altars:


Message History

The gnoll hits you with a +0 club.
You closely miss the gnoll. You block the gnoll's attack.
The gnoll hits you from afar with a +0 spear.
You hit the gnoll.
The gnoll is lightly wounded.
The gnoll barely misses you. You block the gnoll's attack.
The gnoll hits you from afar with a +0 spear.
The gnoll closely misses you.
You hit the gnoll.
The gnoll is heavily wounded.
The gnoll closely misses you. The gnoll hits you but does no damage.
You hit the gnoll.
The gnoll is severely wounded.
The gnoll closely misses you. The gnoll barely misses you.
You block the gnoll's attack. The gnoll hits you with a +0 club.
You barely miss the gnoll.
The gnoll is severely wounded.
The gnoll hits you with a +0 club. You block the gnoll's attack.
You barely miss the gnoll.
The gnoll is severely wounded.
You block the gnoll's attack. x2
You hit the gnoll but do no damage.
The gnoll is severely wounded.
You block the gnoll's attack.
The gnoll hits you from afar with a +0 spear.
The gnoll hits you but does no damage. You block the gnoll's attack.
You barely miss the gnoll.
The gnoll is severely wounded.
The gnoll hits you but does no damage. x2
You closely miss the gnoll.
The gnoll is severely wounded.
The gnoll closely misses you.
The gnoll hits you from afar with a +0 spear.
You closely miss the gnoll.
The gnoll is severely wounded.
The gnoll closely misses you.
The gnoll hits you from afar with a +0 spear.
The gnoll hits you with a +0 club.
You die...

#### #...
# #..
#.#g.
#.#.###g#
#.....g.#
#g#####
#.g@.<#
#######


You could see 2 gnolls.

Vanquished Creatures
  A dart slug (D:1)
  3 bats (D:1)
  4 endoplasms
  3 giant cockroaches (D:1)
  4 hobgoblins (D:1)
  2 jackals (D:1)
  3 ball pythons (D:1)
  2 frilled lizards (D:1)
  5 kobolds (D:1)
  4 rats
31 creatures vanquished.

Notes
Turn   | Place    | Note
-------+----------+-------------------------------------------
     0 | D:1      | qw the Gargoyle Fighter began the quest for the Orb.
     0 | D:1      | Reached XP level 1. HP: 14/14 MP: 1/1
     0 | D:1      | 0 ||| qw: Version: 0.2-a-12-gaebbb33
     0 | D:1      | 0 ||| qw: Game counter: 845
     0 | D:1      | 0 ||| qw: Always use a shield: true
     0 | D:1      | 0 ||| qw: God list: Okawaru
     0 | D:1      | 0 ||| qw: Allow faded altars: false
     0 | D:1      | 0 ||| qw: Do Orc after D:15 true
     0 | D:1      | 0 ||| qw: Do second Lair branch before Depths: true
     0 | D:1      | 0 ||| qw: Lair rune preference: random
     0 | D:1      | 0 ||| qw: Plans: Normal, Zot:1-4, God:TSO, Crypt, Tomb,
                  | Pan, Slime:5, Hells, Abyss, Orb
     0 | D:1      | 0 ||| PLANNING D:1-11
   128 | D:1      | 128 ||| Stepping ~*~*~tactically~*~*~ (stealth).
   148 | D:1      | Reached XP level 2. HP: 18/19 MP: 2/2
   507 | D:1      | 507 ||| Stepping ~*~*~tactically~*~*~ (stealth).
   543 | D:1      | Reached skill level 3 in Axes
   624 | D:1      | Reached XP level 3. HP: 23/23 MP: 3/3
   633 | D:1      | 633 ||| Stepping ~*~*~tactically~*~*~ (stealth).
   635 | D:1      | 635 ||| Stepping ~*~*~tactically~*~*~ (stealth).
   638 | D:1      | 638 ||| Stepping ~*~*~tactically~*~*~ (stealth).
   975 | D:1      | 975 ||| READING 2 scrolls labelled EDIUHI FOETAR.
   976 | D:1      | 976 ||| READING scroll labelled SUSU BOFIROBBI.
   977 | D:1      | 977 ||| READING scroll labelled ECITHR XUPTOSU.
  1014 | D:2      | 1014 ||| Stepping ~*~*~tactically~*~*~ (stealth).
  1016 | D:2      | 1016 ||| Stepping ~*~*~tactically~*~*~ (hiding).
  1027 | D:2      | HP: 3/23 [gnoll/+0 spear (4)]
  1028 | D:2      | Slain by a gnoll

Levels and vault maps discovered:
D:1:      dpeg_arrival_rhombi, layout_loops_ring, kennysheep_crisscross
D:2:      layout_basic

Skill      XL: |  1  2 |
---------------+-------+-----
Axes           | 2 3 |  3.3
Fighting       | |  3.2
Armour         | |  3.2
Shields        | |  3.2

Action                   || total
-------------------------++-------
Melee: War axe           ||    97
  Use: Scroll            ||     3
Armor: Scale mail        ||    52
Dodge: Dodged            ||    51
Block: Buckler           ||    30

Table legend:
 A = Non-vault XP
 B = Vault XP
 C = Vault XP percentage of total XP
 D = Non-vault monster count
 E = Vault monster count
 F = Vault count percentage of total count
                 A         B        C        D         E       F
            +---------+---------+-------+---------+---------+-------
      Total |      50 |       0 |   0.0 |      31 |       0 |   0.0
            +---------+---------+-------+---------+---------+-------
        D:1 |      47 |       0 |   0.0 |      29 |       0 |   0.0
        D:2 |       3 |       0 |   0.0 |       2 |       0 |   0.0
            +---------+---------+-------+---------+---------+-------
